 Dungeon Crawl Stone Soup version 0.16-a0-3394-g83d1dde (console) character file.

59 MarvinPA the Insei (level 4, 4/29 HPs)
             Began as an Octopode Transmuter on Dec 30, 2014.
             Quit the game on level 2 of the Dungeon.
             The game lasted 00:04:56 (1332 turns).

MarvinPA the Insei (Octopode Transmuter)            Turns: 1332, Time: 00:04:56

Health: 4/29       AC:  1    Str:  9    XL:     4   Next: 3%
Magic:  2/7        EV: 12    Int: 16    God:
Gold:   10         SH:  0    Dex: 12    Spells: 3 memorised, 1 level left

rFire  . . .     SeeInvis .       - Unarmed
rCold  . . .     Clarity  .     (no shield)
rNeg   . . .     SustAb   .     (helmet restricted)
rPois  .         Gourm    .     i - amulet of rage
rElec  .         Spirit   .     k - ring of loudness (curse)
rCorr  .         Warding  .     (no ring)
rMut   .         Stasis   .     (no ring)
MR     .....                    (no ring)
Stlth  +.........               (no ring)
                                (no ring)
                                (no ring)
                                (no ring)

@: lethally poisoned, very slightly contaminated, not resistant to hostile
enchantments, very unstealthy
A: almost no armour, amphibious, 8 rings, constrict 8, camouflage 1, gelatinous
body 1
a: Evoke Berserk Rage


You were on level 2 of the Dungeon.
You were not hungry.

You visited 1 branch of the dungeon, and saw 2 of its levels.

You collected 10 gold pieces.


Innate Abilities, Weirdness & Mutations

You cannot wear most types of armour.
You are amphibious.
You can wear up to eight rings at the same time.
You can use your tentacles to constrict many enemies at once.
Your skin changes colour to match your surroundings (Stealth).
Your rubbery body absorbs attacks (AC +1).


   Skills:
 - Level 2.2 Fighting
 - Level 2.0 Dodging
 + Level 4.1 Unarmed Combat
 - Level 2.0 Spellcasting
 + Level 2.2 Transmutations


You had one spell level left.
You knew the following spells:

 Your Spells              Type           Power        Failure   Level  Hunger
x - Spider Form           Trmt/Pois      #.........   38%         3    ###....
z - Beastly Appendage     Trmt           #.....       10%         1    #......
Z - Sticks to Snakes      Trmt           #.........   14%         2    ###....

Inventory:

Missiles
 b - 12 arrows
 h - 8 poisoned needles
Jewellery
 i - an amulet of rage (around mantle)
 k - a cursed ring of loudness (left tentacle)
Scrolls
 e - a scroll of enchant armour
Potions
 c - a potion of restore abilities
 g - a potion of might
Books
 d - a book of Changes
Comestibles
 a - a bread ration
 f - a chunk of flesh {@w1}

Dungeon Overview and Level Annotations

Branches:
Dungeon (2/15)

Altars:

#... . #.# .P# ... .#
#.#P..P# ...##.#
#?#.P..# ...#.#
#(#llP.# #..#.#
#.P.l..# ...#># #.lPl#
#..####.#.####†####..#
#....................#
#.#####.....x..(...#.#
##.......#.###.#.
#.......†...>....
##..)...<#.###.###
##.....##.# ##...###.#
##..# #.. #..# ##.
#..#


You could see a giant gecko and 3 giant newts.


Message History

* * * LOW HITPOINT WARNING * * *
You feel sick. The adder barely misses you.
You tentacle-slap the adder.
You kill the adder!
You have reached level 4!
* * * LOW HITPOINT WARNING * * *
You feel sick.
Drink which item? (? for menu, Esc to quit)
Okay, then.
* * * LOW HITPOINT WARNING * * *
You feel sick. The giant newt misses you.
You miss the giant newt.
* * * LOW HITPOINT WARNING * * *
You feel sick.
The giant newt bites you but does no damage.
You closely miss the giant newt.
* * * LOW HITPOINT WARNING * * *
You feel sick. The giant newt bites you.
* * * LOW HITPOINT WARNING * * *
You tentacle-slap the giant newt but do no damage.
You grab the giant newt. You squeeze the giant newt.
You kill the giant newt! 4 giant newts and a giant gecko come into view.
* * * LOW HITPOINT WARNING * * *
You feel sick.
Things that are here:
a giant newt corpse x3
* * * LOW HITPOINT WARNING * * *
You feel sick.
Are you sure you want to abandon this character and quit the game? (Confirm with "yes".)

Action                   |  1- 3 |  4- 6 || total
-------------------------+-------+-------++-------
Melee: Unarmed           |    89 |     3 ||    92
 Cast: Beastly Appendage |    12 |       ||    12
       Spider Form       |     1 |       ||     1
  Use: Scroll            |     6 |       ||     6
 Stab: Sleeping          |     1 |       ||     1
  Eat: Chunk             |     2 |       ||     2

Vault maps used:
D:1:      scummos_arrival_simple_fountains, hex_tiny
D:2:      nicolae_ru_great_annihilating_truth, minmay_lizard_king

Notes
Turn   | Place    | Note
--------------------------------------------------------------
     0 | D:1      | MarvinPA, the Octopode Transmuter, began the quest for the Orb.
     0 | D:1      | Reached XP level 1. HP: 13/13 MP: 3/3
   346 | D:1      | Reached XP level 2. HP: 16/18 MP: 2/4
   757 | D:1      | Reached skill level 2 in Fighting
   757 | D:1      | Reached XP level 3. HP: 15/24 MP: 6/6
  1115 | D:1      | Learned a level 2 spell: Sticks to Snakes
  1119 | D:1      | Learned a level 3 spell: Spider Form
  1318 | D:2      | Reached skill level 4 in Unarmed Combat
  1324 | D:2      | Reached XP level 4. HP: 10/29 MP: 2/7
  1332 | D:2      | Quit the game

Vanquished Creatures
  2 adders (D:2)
  A giant gecko (D:1)
  5 bats
  2 giant cockroaches (D:1)
  7 hobgoblins (D:1)
  3 jackals (D:1)
  4 kobolds
  7 giant newts
  3 goblins (D:1)
  7 rats (D:1)
41 creatures vanquished.
